 Dungeon Crawl Stone Soup version 0.27.1-1-g398f81649c (webtiles) character file.

Game seed: 472693987649700614

42 funkygono the Firebug (level 3, -3/28 HPs)
             Began as a Gargoyle Fire Elementalist on Sept 11, 2021.
             Slain by a hobgoblin (6 damage)
             ... led by Robin
             ... on level 2 of the Dungeon.
             The game lasted 00:03:18 (1341 turns).

funkygono the Firebug (Gargoyle Fire Elementalist)  Turns: 1341, Time: 00:03:19

Health: -3/28      AC: 21    Str: 11    XL:     3   Next: 56%
Magic:  1/7        EV:  2    Int: 16    God:
Gold:   3          SH:  0    Dex: 10    Spells: 3/7 levels left

rFire    + . .     SeeInvis .   b - +0 club
rCold    + . .     Faith    .   (no shield)
rNeg     + + +     Spirit   .   (armour currently unavailable)
rPois    ∞         Reflect  .   (helmet currently unavailable)
rElec    +         Harm     .   (cloak currently unavailable)
rCorr    +         Rampage  .   (gloves currently unavailable)
Will     .....     NoTele   +   (boots currently unavailable)
Stlth    ++........             (no amulet)
HPRegen  0.09/turn              (no ring)
MPRegen  0.10/turn              (no ring)

@: tree-form, resistant
A: stationary, stasis, torment immunity, boosted hp, sickness immunity, AC +3,
negative energy resistance 1, (electricity resistance), torment resistance 1,
petrification resistance
a: no special abilities


You were on level 2 of the Dungeon.
You were a tree.
You visited 1 branch of the dungeon, and saw 2 of its levels.

You collected 3 gold pieces.

Inventory:

Hand Weapons
 b - a +0 club (weapon)
Missiles
 e - 81 stones
Armour
 a - a +0 robe (melded)
Scrolls
 c - a scroll of blinking {unknown}
 f - a scroll of teleportation {unknown}
 g - 2 scrolls of enchant weapon {unknown}
 h - a scroll of magic mapping {unknown}


   Skills:
 + Level 1.6 Dodging
 - Level 2.1 Stealth
 * Level 2.7 Spellcasting
 * Level 1.6 Conjurations
 * Level 3.7 Fire Magic


You had 3 spell levels left.
You knew the following spells:

 Your Spells              Type           Power      Damage    Failure   Level
a - Foxfire               Conj/Fire      40%        2x1d6     6%          1
b - Conjure Flame         Conj/Fire      10%        6-21      19%         3

Your spell library contained the following spells:

 Spells                   Type           Power      Damage    Failure   Level
 Inner Flame              Hex/Fire       8%         N/A       26%         3
 Wereblood                Tmut           2%         N/A       28%         2
 Stone Arrow              Conj/Erth      8%         3d7       38%         3
 Sticky Flame             Conj/Fire      10%        2d3       54%         4
 Fireball                 Conj/Fire      5%         3d5       87%         5
 Bolt of Magma            Conj/Fire/Erth 3%         4d5       95%         5
 Summon Hydra             Summ           1%         N/A       100%        7
 Shatter                  Erth           1%         3d5*      100%        9
 Sublimation of Blood     Necr           Unusable   N/A       N/A         2

Dungeon Overview and Level Annotations

Branches:
Dungeon (2/15)

Altars:

Annotations:
D:2 Robin


Innate Abilities, Weirdness & Mutations

You are a tree.
Your roots penetrate the ground, keeping you stationary.
You cannot be teleported.
You are immune to unholy pain and torment.
Your maximum health is greatly increased.
Your equipment is partially melded.
You are immune to sickness and miasma.
((Your stone body is resilient. (AC +3)))
You are immune to poison.
You resist negative energy. (rN+)
((You are resistant to electric shocks. (rElec)))
You are resistant to unholy torment.
You are immune to petrification.


Message History

The foxfire hits Robin.
Robin is lightly wounded.
Robin roars a battlecry!
The goblins go into a battle-frenzy!
Casting: Foxfire (safe; 6% risk of failure)
Confirm with . or Enter, or press ? or * to list all spells.
You don't have enough magic to cast this spell.
Unknown command.
Casting: Foxfire (safe; 6% risk of failure)
Confirm with . or Enter, or press ? or * to list all spells.
You don't have enough magic to cast this spell.
Your foxfire dissipates!
Robin closely misses you.
A goblin and a hobgoblin come into view.
The goblin shouts!
Robin throws the goblin at you!
You see here a +0 dagger.
You hit the goblin.
You kill the goblin!
Robin throws the goblin at you! Robin closely misses you.
The goblin closely misses you. Robin hits you with a +0 dagger.
The goblin barely misses you.
Things that are here:
a +0 club; a goblin corpse You barely miss the goblin.
Robin points. "Kill!"
Robin roars a battlecry!
The goblin hits you with a +0 club. The goblin hits you but does no damage.
Robin throws the goblin at you!
You barely miss the goblin. The goblin hits you with a +0 club. x2
Robin misses you. The goblin hits you but does no damage.
The goblin hits you with a +0 club.
* * * LOW HITPOINT WARNING * * *
It was a potion of lignification.
You turn into a tree.
Your +0 robe melds into your body.
Your roots penetrate the ground.
Robin throws the goblin at you!
The goblin hits you but does no damage. x3
It was a potion of resistance.
You feel protected. The hobgoblin hits you.
You die...

### #.# #.... .g. #.#
### # #....
#####.###.# ..#.#
....
........#.######.#.
... #.#.#....... #..
#)#.#.#..#.########..
#g#.#.#..#.##........
#g#g#g#......#######.
#)#.♣g##.#.#.# ..
#.)gg....#.#.# ###
##########.#.# ..#.#
###.# #.# #.#


You could see Robin, a hobgoblin (strong) and 3 goblins.

Vanquished Creatures
  An adder (D:2)
  A worm (D:2)
  2 endoplasms (D:1)
  A giant cockroach (D:1)
  10 goblins
  2 hobgoblins (D:1)
  3 kobolds (D:1)
  3 quokkas
  A ball python (D:2)
  2 bats (D:1)
  A rat (D:1)
27 creatures vanquished.

Vanquished Creatures (collateral kills)
  A foxfire (D:1)
1 creature vanquished.

Vanquished Creatures (others)
  88 foxfires
88 creatures vanquished.

Grand Total: 116 creatures vanquished

Notes
Turn   | Place    | Note
-------+----------+-------------------------------------------
     0 | D:1      | funkygono the Gargoyle Fire Elementalist began the quest
                  | for the Orb.
     0 | D:1      | Reached XP level 1. HP: 10/10 MP: 3/3
   337 | D:1      | Reached XP level 2. HP: 15/15 MP: 1/5
   994 | D:1      | Found a faded altar of an unknown god.
  1080 | D:2      | Reached XP level 3. HP: 19/19 MP: 0/6
  1084 | D:2      | Learned a level 3 spell: Conjure Flame
  1321 | D:2      | Noticed Robin
  1341 | D:2      | Slain by a hobgoblin

Illustrated notes

Levels and vault maps discovered:
D:1:      lightli_arrival_lavapool, layout_basic,
          shapermc_ecumenical_altar_petra
D:2:      layout_basic, uniq_robin, uniq_natasha, uniq_jessica

Action                   || total
-------------------------++-------
Melee: Club              ||     6
 Cast: Foxfire           ||    53
  Use: Potion            ||     2
Armor: Robe              ||     5
       Skin              ||     4
Dodge: Dodged            ||    11
